 Zot Defence DCSS version 0.15.2 (webtiles) character file.

277 blackwizard the Caller (level 6, -1/54 HPs)
             Began as a Troll Summoner on May 26, 2017.
             Slain by an orc
             ... wielding a +0 whip
              (5 damage)
             ... in the Realm of Zot (Scenario V: Glassed Sandwich).
             The game lasted 00:09:24 (1167 turns).

blackwizard the Caller (Troll Summoner)             Turns: 1167, Time: 00:09:25

HP  -1/54        AC  5     Str 19      XL: 6   Next:  4%
MP   1/6         EV 10     Int 11      God:
Gold 0           SH  0     Dex 10      Spells:  2 memorised,  3 levels left

rFire  . . .     SeeInvis .     k - -2 blowgun (curse)
rCold  . . .     Clarity  .     a - +0 robe
rNeg   . . .     rCorr    .     (shield restricted)
rPois  .         rRot     .     (helmet restricted)
rElec  .         Spirit   .     (no cloak)
SustAb .         Warding  .     (gloves unavailable)
rMut   .         Stasis   .     (boots unavailable)
Gourm  +                        (no amulet)
MR     .....                    (no ring)
                                (no ring)

@: not resistant to hostile enchantments, very unstealthy
A: unfitting armour, claws 3, fast metabolism 3, gourmand, regeneration 2,
saprovore 2, shaggy fur 1, tough skin 2
a: Make oklob sapling, Make arrow trap, Make plant, Remove Curse, Make burning
bush, Make altar, Make grenades


You were in the Realm of Zot.
You were not hungry.

You visited 1 branch

Inventory:

Hand weapons
 j - a +0 short sword
 k - a cursed -2 blowgun (weapon)
Armour
 a - a +0 robe (worn)
Comestibles
 d - 2 meat rations
Scrolls
 i - a scroll of blinking
Potions
 c - 2 potions of curing
 e - a potion of heal wounds
 f - a potion of haste
 g - 2 potions of magic
 h - a potion of berserk rage
Books
 b - a book of Callings

   Spells                             Type                      Level
   *Summon Small Mammal               Summoning                    1
   Call Imp                           Summoning                    2
   Call Canine Familiar               Summoning                    3
   Summon Guardian Golem              Hexes/Summoning              4
   *Summon Lightning Spire            Summoning/Air                4
   Summon Ice Beast                   Ice/Summoning                4


   Skills:
 + Level 0.5 Fighting
 + Level 1.0 Short Blades
 + Level 3.0 Dodging
 - Level 1.1 Stealth
 + Level 0.6 Unarmed Combat
 + Level 1.6 Spellcasting
 + Level 4.4 Summonings


You had 3 spell levels left.
You knew the following spells:

 Your Spells              Type           Power        Failure   Level  Hunger
a - Summon Small Mammal   Summ           ##..         6%          1    ##.....
b - Summon Lightning Spi  Summ/Air       #.......     95%         4    #####..


Dungeon Overview and Level Annotations

Branches:
    Zot (1/1)

Altars:

Annotations:
Zot Sigmund


Innate Abilities, Weirdness & Mutations

You are too large for most types of armour.
You have claws for hands.
Your metabolism is lightning-fast.
You like to eat raw meat.
You heal very quickly.
You can eat rotten meat.
You are covered in fur (AC +1).
You have very tough skin (AC +2).


Message History

Confirm with . or Enter, or press ? or * to list all spells.
Your bat hits the orc but does no damage.
The orc closely misses your bat. The orc wizard casts a spell at you.
The puff of frost hits you!
* * * LOW HITPOINT WARNING * * *
Your rat bites the orc but does no damage.
Your rat misses the giant gecko. Tiapt hits your bat.
Your bat dies!
Your bat's corpse disappears in a puff of smoke!
You clumsily bash the orc but do no damage.
Your bat hits the orc but does no damage.
The orc wizard's eyes start to glow.
Doiklaburasm picks up a beetle and eats it.
Doiklaburasm blinks!
The orc hits you but does no damage.
The orc wizard hits you but does no damage.
Your rat bites the giant gecko.
Your rat bites the orc.
Tiapt blinks!
The orc wizard casts a spell.
The orc wizard blinks!
The orc hits you with a whip.
You die...

.▓▓▓▓▓▓▓▓▓▓▓▓▓▓▓▓▓▓▓▓▓▓▓▓....▓
▓▓...........................▓
▓............................▓
..................g..........▓
..............o..............▓
.............o...............▓
.................o...........▓
▓▓▓▓▓▓▓▓▓▓▓▓▓▓▓▓▓▓og.........▓


shSgoor(sohhblsb@oo..........▓ bhrhlob.hsrrKYSooor..........▓
lJwhrKslhSlbol.lr§...........▓ s.Jllbhl.SrKhsg.%.§b.........▓
l.Sh@ol..gwJgr........5......▓ ...Sb.....5rll...............▓
.▓▓▓▓▓▓▓▓▓▓▓▓▓▓▓▓▓▓▓▓▓▓▓▓▓▓▓▓▓ .............................▓
.............................▓ You could see Borgun the orc warrior, a worm,
Cemmuikuum the big kobold, a gnoll shaman, an iguana, a hound, a sheep, an ooze,
2 orc wizards, Doiklaburasm the crimson imp, Tiapt the crimson imp, 3 adders,
Boz Greo the giant mite, 5 orcs, 2 giant geckos, 3 quokkas, 3 jackals, 3 giant
cockroaches, Froeh the hobgoblin, 2 goblins, 3 bats, Pnid the kobold, 3 giant
newts, 2 rats, a friendly bat and 2 friendly rats.

Vanquished Creatures
  A quasit (Zot)
  3 worms (Zot)
  6 ball pythons (Zot)
  5 bats (Zot)
  A hobgoblin (Zot)
  A jackal (Zot)
  4 oozes (Zot)
  3 giant geckos (Zot)
  8 goblins (Zot)
  12 kobolds (Zot)
  12 rats (Zot)
56 creatures vanquished.

Vanquished Creatures (collateral kills)
  A hound (Zot)
  An adder (Zot)
  A giant gecko (Zot)
  An ooze (Zot)
  3 bats (Zot)
  3 giant newts (Zot)
  4 goblins (Zot)
  A jackal (Zot)
  3 kobolds (Zot)
  4 rats (Zot)
22 creatures vanquished.

Vanquished Creatures (others)
  10 bats (Zot)
  2 quokkas (Zot)
  10 rats (Zot)
22 creatures vanquished.

Grand Total: 100 creatures vanquished

Notes
Turn   | Place    | Note
--------------------------------------------------------------
     0 | Zot      | blackwizard, the Troll Summoner, began the quest for the Orb.
     0 | Zot      | Reached XP level 1. HP: 16/16 MP: 2/2
   223 | Zot      | Noticed Bogelujyde
   243 | Zot      | Reached skill level 3 in Summonings
   256 | Zot      | Reached XP level 2. HP: 24/24 MP: 1/2
   285 | Zot      | Killed Bogelujyde the quasit
   285 | Zot      | Reached XP level 3. HP: 31/31 MP: 3/3
   285 | Zot      | Reached XP level 4. HP: 39/39 MP: 4/4
   288 | Zot      | Reached skill level 4 in Summonings
   491 | Zot      | Reached XP level 5. HP: 27/45 MP: 4/4
   687 | Zot      | Noticed Borgun
   716 | Zot      | Reached skill level 1 in Short Blades
   930 | Zot      | Noticed Sigmund
  1075 | Zot      | Learned a level 4 spell: Summon Lightning Spire
  1112 | Zot      | Reached XP level 6. HP: 54/54 MP: 1/6
  1167 | Zot      | Slain by an orc

Action                   |  1- 3 |  4- 6 || total
-------------------------+-------+-------++-------
Melee: Unarmed           |    36 |    44 ||    80
       Short sword       |       |   304 ||   304
       Blowgun           |       |   218 ||   218
 Cast: Summon Small Mamm |     2 |    35 ||    37
  Use: Potion            |       |     1 ||     1
